 Dungeon Crawl Stone Soup version 0.27.0-1-g7a089689b8 (webtiles) character file.

Game seed: 15236918373342868412

3745 SnakkuSnakku7 the Cleaver (level 10, -1/64 HPs)
             Began as a Gargoyle Berserker on Aug 11, 2021.
             Was a High Priest of Trog.
             Slain by an orc warrior (9 damage)
             ... in a bailey.
             The game lasted 00:10:27 (5867 turns).

SnakkuSnakku7 the Cleaver (Gargoyle Berserker)      Turns: 5867, Time: 00:10:28

Health: -1/64      AC: 19    Str: 20    XL:     10   Next: 15%
Magic:  10/10      EV:  8    Int:  9    God:    Trog [*****.]
Gold:   262        SH:  0    Dex: 12    Spells: 9/9 levels left

rFire    . . .     SeeInvis .   a - +0 broad axe
rCold    . . .     Faith    .   (no shield)
rNeg     + . .     Spirit   .   f - +0 chain mail
rPois    ∞         Reflect  .   g - +1 helmet
rElec    +         Harm     .   m - +0 cloak
rCorr    .         Rampage  .   (no gloves)
Will     .....                  (no boots)
Stlth    ..........             (no amulet)
HPRegen  0.20/turn              (no ring)
MPRegen  0.12/turn              (no ring)

@: on berserk cooldown
A: sickness immunity, AC +7, negative energy resistance 1, electricity
resistance, torment resistance 1, petrification resistance
a: Renounce Religion, Berserk, Trog's Hand, Brothers in Arms


You were in a bailey.
You worshipped Trog.
Trog was extremely pleased with you.
You visited 2 branches of the dungeon, and saw 8 of its levels.
You also visited: Sewer and Bailey.

You collected 262 gold pieces.

Inventory:

Hand Weapons
 a - a +0 broad axe (weapon)
 v - a +0 hand axe
 B - a +0 war axe
Missiles
 y - a curare-tipped dart (quivered)
Armour
 b - a +0 animal skin
 f - a +0 chain mail (worn)
 g - a +1 helmet (worn)
 j - a scarf of shadows
 m - a +0 cloak (worn)
Wands
 w - a wand of iceblast (10)
 F - a wand of flame (17)
Scrolls
 d - 2 scrolls of fog
 e - a scroll of blinking {unknown}
 h - a scroll of magic mapping
 i - 4 scrolls of immolation
 k - a scroll of fear {unknown}
 n - a scroll of enchant armour
 r - a scroll of brand weapon {unknown}
 x - a scroll of enchant weapon {unknown}
 C - 2 scrolls of teleportation
Potions
 c - a potion of mutation {unknown}
 l - a potion of attraction {unknown}
 o - a potion of curing
 p - a potion of berserk rage {unknown}
 q - a potion of ambrosia {unknown}
 s - a potion of degeneration {unknown}
 t - a potion of heal wounds {unknown}
 u - a potion of cancellation {unknown}
 z - a potion of haste
 D - 4 potions of flight
 E - a potion of invisibility {unknown}


   Skills:
 - Level 8.0 Fighting
 + Level 11.7 Axes
 - Level 2.1 Armour
 - Level 1.5 Dodging


You had 9 spell levels left.
You didn't know any spells.
Your spell library was empty.

Dungeon Overview and Level Annotations

Branches:
Dungeon (9/15)             Temple (1/1) D:5           Sewer (visited)
 Bailey (1/1)
   Lair: D:8-11         Orc: D:9-12

Altars:
Dithmenos
Xom

Shops:
D:9 [


Innate Abilities, Weirdness & Mutations

You are immune to sickness and miasma.
Your stone body is resilient. (AC +7)
You are immune to poison.
You resist negative energy. (rN+)
You are resistant to electric shocks. (rElec)
You are resistant to unholy torment.
You are immune to petrification.


Message History

The orc warrior hits you with a +0 battleaxe!
You hear a shout! x2
You hear a shout! x2
A kobold comes into view.
The orc warrior hits you with a +0 battleaxe! x2
The kobold shouts!
You hear a shout!
A kobold comes into view.
The kobold shouts!
The orc warrior hits you with a +0 battleaxe!
* * * LOW HITPOINT WARNING * * *
Aiming: Corrosive Bolt
Press: ? - help, Shift-Dir - straight line, f - kobold
Aim: a kobold, quivering boomerangs (64% to hit)
The bolt of acid misses the kobold.
You feel yourself speed up. The kobold barely misses you.
The orc warrior hits you with a +0 battleaxe.
* * * LOW HITPOINT WARNING * * *
Unknown command.
Aiming: Corrosive Bolt
Press: ? - help, Shift-Dir - straight line, f/p - kobold
Aim: a kobold, quivering boomerangs (64% to hit)
The bolt of acid misses the orc warrior.
The bolt of acid misses the kobold.
The kobold hits you but does no damage.
The orc warrior hits you with a +0 battleaxe.
* * * LOW HITPOINT WARNING * * *
A kobold comes into view.
Aiming: Corrosive Bolt
Press: ? - help, Shift-Dir - straight line, f/p - kobold
Aim: a kobold, quivering boomerangs (64% to hit)
The bolt of acid hits the orc warrior!
The orc warrior is splashed with acid.
The acid corrodes the orc warrior!
The orc warrior is heavily wounded.
The bolt of acid hits the kobold!
The kobold is splashed with acid.
The acid corrodes the kobold!
You kill the kobold!
Trog accepts your kill.
The now-empty wand crumbles to dust.
The kobold barely misses you.
The orc warrior hits you with a +0 battleaxe!
You die...

# #####.#############
K...K.K@o(........####
.#########...........##
##'#.........##
#..#....⌠.....#
#..###.......# ###..'
#.....###
^...###).....#≈≈
####+####..#.).(.≈≈≈≈≈≈
##
#.....o.####)≈≈≈≈≈≈≈≈≈≈


You could see an orc warrior (corroded) and 3 kobolds.

Vanquished Creatures
  Maggie (D:6)
  A hornet (D:9)
  Prince Ribbit (D:5)
  A human (shapeshifter) (D:9)
  A wraith (D:9)
  6 yaks
  2 steam dragons
  Edmund (D:5)
  2 orc warriors (Bailey)
  A black bear (D:5)
  A necrophage (D:5)
  An ogre (D:5)
  2 centaurs
  A phantom (D:4)
  Blork the orc (D:5)
  A kobold brigand (D:6)
  2 scorpions
  An orc priest (D:6)
  A jelly (D:5)
  A hound (D:3)
  Ijyb (D:5)
  Terence (D:2)
  An iguana (D:4)
  4 orc wizards
  2 merfolk sirens (Sewer)
  A merfolk avatar (Sewer)
  A gnoll (Bailey)
  11 adders
  3 river rats (Sewer)
  A shadow imp (D:5)
  3 ufetubi
  An adder skeleton (D:2)
  2 worms (D:6)
  A dart slug (D:2)
  7 orcs
  11 ball pythons
  8 endoplasms
  2 giant cockroaches
  7 goblins
  9 hobgoblins
  7 jackals
  20 kobolds
  6 quokkas
  5 bats
  17 frilled lizards
  29 rats
190 creatures vanquished.

Vanquished Creatures (others)
  5 plants (D:4)
5 creatures vanquished.

Grand Total: 195 creatures vanquished

Notes
Turn   | Place    | Note
-------+----------+-------------------------------------------
     0 | D:1      | SnakkuSnakku7 the Gargoyle Berserker began the quest for
                  | the Orb.
     0 | D:1      | Reached XP level 1. HP: 14/14 MP: 1/1
   260 | D:1      | Reached skill level 3 in Axes
   260 | D:1      | Reached XP level 2. HP: 10/19 MP: 2/2
   448 | D:1      | Found a faded altar of an unknown god.
   534 | D:1      | You fall into a shaft and drop 1 floor!
   595 | D:2      | Reached XP level 3. HP: 7/24 MP: 3/3
   623 | D:2      | Reached ** piety under Trog
   724 | D:2      | Reached XP level 4. HP: 21/30 MP: 4/4
  1708 | D:2      | Noticed Terence
  1721 | D:2      | Killed Terence
  1826 | D:2      | Reached skill level 4 in Axes
  1826 | D:2      | Reached XP level 5. HP: 31/34 MP: 5/5
  2019 | D:2      | Reached skill level 5 in Fighting
  2036 | D:2      | Reached *** piety under Trog
  2331 | D:3      | Found a shimmering altar of Xom.
  2331 | D:3      | Found a shadowy altar of Dithmenos.
  3131 | D:4      | Reached XP level 6. HP: 41/41 MP: 6/6
  3649 | D:4      | Reached skill level 5 in Axes
  3857 | D:5      | Entered Level 5 of the Dungeon
  3926 | D:5      | Noticed a yak
  3928 | D:5      | Noticed a yak
  3996 | D:4      | Killed a yak
  3997 | D:4      | Reached XP level 7. HP: 47/47 MP: 7/7
  4046 | D:5      | Killed a yak
  4047 | D:5      | Reached skill level 6 in Axes
  4162 | D:5      | Reached **** piety under Trog
  4164 | D:5      | Reached XP level 8. HP: 54/54 MP: 8/8
  4213 | D:5      | Noticed Blork the orc
  4229 | D:5      | Killed Blork the orc
  4337 | D:5      | Found a staircase to the Ecumenical Temple.
  4357 | D:5      | Reached skill level 7 in Axes
  4362 | D:5      | Noticed Prince Ribbit
  4370 | Temple   | Entered the Ecumenical Temple
  4395 | D:5      | Killed Prince Ribbit
  4458 | D:5      | Noticed Ijyb
  4470 | D:5      | Killed Ijyb
  4601 | D:5      | Noticed a yak
  4603 | D:5      | Noticed a yak
  4605 | D:5      | Noticed a yak
  4605 | D:5      | Noticed a yak
  4642 | D:5      | Killed a yak
  4643 | D:5      | Reached skill level 8 in Axes
  4647 | D:5      | Killed a yak
  4648 | D:5      | Reached XP level 9. HP: 41/59 MP: 9/9
  4652 | D:5      | Reached skill level 9 in Axes
  4807 | D:5      | Noticed Edmund
  4820 | D:5      | Killed Edmund
  5014 | D:6      | Noticed Maggie
  5026 | D:6      | Killed Maggie
  5027 | D:6      | Reached skill level 10 in Axes
  5225 | D:6      | Found a glowing drain.
  5238 | Sewer    | Entered a sewer
  5519 | Sewer    | Reached ***** piety under Trog
  5598 | D:6      | You fall into a shaft and drop 3 floors!
  5651 | D:9      | Reached skill level 11 in Axes
  5657 | D:9      | Noticed a hornet
  5664 | D:9      | Killed a hornet
  5665 | D:9      | Reached XP level 10. HP: 52/64 MP: 10/10
  5697 | D:9      | Found Xariesm's Armour Boutique.
  5771 | D:9      | Found a flagged portal.
  5780 | Bailey   | Entered a bailey
  5867 | Bailey   | Slain by an orc warrior

Illustrated notes

Levels and vault maps discovered:
D:1:      mrwooster_arrival_statue, layout_basic,
          dreamdust_ecumenical_altar_sealed_demon
D:2:      layout_loops_corners, uniq_terence
D:3:      layout_loops_corners, gammafunk_temple_overflow_pools,
          minmay_misc_feat_more_columns, minmay_misc_feat_tiny
D:4:      layout_basic, minmay_lizard_king
D:5:      layout_loops_corners, minmay_temple_entry_stoned_glass, st_stairs_12,
          uniq_ijyb, uniq_edmund, uniq_prince_ribbit1, uniq_blork_the_orc
D:6:      layout_cave_pods, cheibrodos_sewer_entry_bend, uniq_maggie
D:9:      layout_long_grid, enter_bailey_8, st_stairs_9, minivault_10,
          kennysheep_windowed_goal, uniq_erica, uniq_psyche, uniq_maurice
Temple:   dpeg_five_rooms_temple
Bailey:   bailey_axe_4, bailey

Skill      XL: |  1  2  3  4  5  6  7  8  9 |
---------------+----------------------------+-----
Axes           | 3 4 5 6 8 11 | 11.7
Fighting       | 4 5 6 7 8 |  8.0
Armour         | |  2.1
Dodging        | |  1.5

Action                   |  1- 3 |  4- 6 |  7- 9 | 10-12 || total
-------------------------+-------+-------+-------+-------++-------
Melee: Hand axe          |   114 |   273 |    56 |       ||   443
       War axe           |       |       |    54 |       ||    54
       Broad axe         |       |       |   108 |    42 ||   150
Invok: Berserk           |     2 |     5 |    12 |     1 ||    20
       Trog's Hand       |     1 |       |     1 |     2 ||     4
Evoke: Wand              |       |       |       |     3 ||     3
  Use: Scroll            |       |     3 |     5 |       ||     8
       Potion            |       |       |     2 |     1 ||     3
Armor: Animal skin       |    37 |       |       |       ||    37
       Chain mail        |       |   169 |   149 |    45 ||   363
Dodge: Dodged            |    82 |   108 |    86 |    35 ||   311
